 Dungeon Crawl Stone Soup version 0.18-a0-1186-gd02dc51 (webtiles) character file.

198 ThermosAquaticus the Poker (level 5, -2/38 HPs)
             Began as a Merfolk Skald on Jan 28, 2016.
             Slain by Natasha (6 damage)
             ... on level 2 of the Dungeon.
             The game lasted 00:10:27 (2587 turns).

ThermosAquaticus the Poker (Merfolk Skald)          Turns: 2587, Time: 00:10:28

Health: -2/38      AC:  3    Str: 17    XL:     5   Next: 77%
Magic:  3/8        EV: 12    Int: 12    God:
Gold:   126        SH:  0    Dex: 14    Spells: 3 memorised, 2 levels left

rFire  + . .     SeeInvis .     a - +0 spear
rCold  + . .     Gourm    .     b - +0 leather armour
rNeg   . . .     Faith    .     (no shield)
rPois  +         Spirit   .     (no helmet)
rElec  +         Dismiss  .     (no cloak)
rCorr  +         Reflect  .     (no gloves)
SustAt .         Harm     .     (no boots)
MR     .....                    (no amulet)
Stlth  +.........               (no ring)
                                (no ring)

@: mighty, resistant, very slightly contaminated, not resistant to hostile
enchantments, very unstealthy
A: change form in water, swift swim
a: no special abilities


You were on level 2 of the Dungeon.
You were not hungry.

You visited 1 branch of the dungeon, and saw 3 of its levels.

You collected 126 gold pieces.

Inventory:

Hand Weapons
 a - a +0 spear (weapon)
Missiles
 i - 25 stones (quivered)
 n - 14 poisoned needles
Armour
 b - a +0 leather armour (worn)
Scrolls
 e - a scroll of fear {unknown}
 g - a scroll of remove curse {unknown}
 r - a scroll of fog {unknown}
 s - a scroll of noise {unknown}
 t - a scroll of identify {unknown}
 v - a scroll of blinking {unknown}
Potions
 m - a potion of flight {unknown}
 o - a potion of experience {unknown}
 q - a potion of ambrosia {unknown}
Books
 c - a book of Battle

   Spells                             Type                      Level
   a - Infusion                       Charms                       1
   b - Shroud of Golubria             Charms/Translocation         2
   c - Song of Slaying                Charms                       2
   d - Spectral Weapon                Hexes/Charms                 3
   e - Regeneration                   Charms/Necromancy            3
Comestibles
 d - 2 bread rations
 k - a royal jelly
 l - 2 meat rations
 p - 2 chunks of flesh
 u - a beef jerky


   Skills:
 - Level 2.1 Fighting
 * Level 6.8 Polearms
 - Level 0.6 Armour
 + Level 2.3 Dodging
 - Level 2.0 Spellcasting
 - Level 2.7 Hexes
 - Level 3.2 Charms


You had 2 spell levels left.
You knew the following spells:

 Your Spells              Type           Power        Failure   Level  Hunger
a - Infusion              Chrm           #...         12%         1    ##.....
b - Shroud of Golubria    Chrm/Tloc      #.........   28%         2    ###....
c - Spectral Weapon       Hex/Chrm       #.......     28%         3    ####...


Dungeon Overview and Level Annotations

Branches:
Dungeon (3/15)

Altars:
Vehumet

Annotations:
D:2 Natasha
D:3 Robin


Message History

Natasha claws you.
* * * LOW HITPOINT WARNING * * *
You hit Natasha.
Natasha is moderately wounded.
Natasha extends her claws.
Natasha claws you.
* * * LOW HITPOINT WARNING * * *
Drink which item? (? for menu, Esc to quit)
It was a potion of resistance.
You feel protected. Natasha closely misses you.
Drink which item? (? for menu, Esc to quit)
It was a potion of cure mutation.
It has a very clean taste.
Natasha stares at you and mumbles some strange words.
You resist with some effort.
Drink which item? (? for menu, Esc to quit)
It was a potion of might.
You feel very mighty all of a sudden. Natasha claws you.
You die...

#.........รท.............#
#.#.#.####.#.......####.#
#..#..####.##.....## #.#
##.#.........##...## #.#
##..#.#..#.#..###.#######.#
#.#.#.....(.......#
#.....##
##............#####
#....#.# ##.###.#.###.#####
#...###. #........h@......#
#....#.# #.##.##..###.....#
#....)## #.###............#
##.#.## #.##.....##......#
##.## #.##..#.###......#
#.# #..............### #.#
####..##.##.#### #.#
#..##.##.# #.#
######........# #.#


You could see Natasha.

Vanquished Creatures
  Natasha (twice) (D:2 D:3)
  Terence (D:2)
  7 adders
  4 giant geckos
  2 ball pythons (D:1)
  6 bats
  4 giant cockroaches
  6 goblins
  6 hobgoblins
  7 jackals
  2 quokkas (D:2)
  3 giant newts
  4 kobolds
  5 rats
59 creatures vanquished.

Vanquished Creatures (others)
  A spectral weapon (D:3)
1 creature vanquished.

Grand Total: 60 creatures vanquished

Notes
Turn   | Place    | Note
--------------------------------------------------------------
     0 | D:1      | ThermosAquaticus the Merfolk Skald began the quest for the Orb.
     0 | D:1      | Reached XP level 1. HP: 16/16 MP: 3/3
    76 | D:1      | Reached XP level 2. HP: 16/22 MP: 0/5
   177 | D:1      | Learned a level 2 spell: Shroud of Golubria
   229 | D:1      | Reached skill level 4 in Polearms
   581 | D:1      | Reached XP level 3. HP: 24/27 MP: 4/6
   648 | D:1      | Learned a level 3 spell: Spectral Weapon
  1047 | D:2      | Noticed Terence
  1089 | D:2      | Reached skill level 1 in Hexes
  1177 | D:2      | Reached skill level 5 in Polearms
  1267 | D:2      | Reached XP level 4. HP: 25/33 MP: 3/7
  1388 | D:2      | Killed Terence
  1522 | D:2      | Found a radiant altar of Vehumet.
  1737 | D:2      | Noticed Natasha
  1756 | D:2      | Killed Natasha
  1756 | D:2      | Reached skill level 6 in Polearms
  1756 | D:2      | Reached XP level 5. HP: 28/38 MP: 2/8
  2365 | D:3      | Noticed a phantom
  2418 | D:3      | Noticed Natasha
  2426 | D:3      | Killed Natasha
  2570 | D:3      | Noticed Natasha
  2574 | D:3      | Noticed Robin
  2587 | D:2      | Slain by Natasha

Vault maps used:
D:1:      matt_arrival_diagonals
D:2:      vehumet_crystals, uniq_natasha, uniq_terence
D:3:      first_bread, uniq_robin

Action                   |  1- 3 |  4- 6 || total
-------------------------+-------+-------++-------
Melee: Spear             |   137 |   123 ||   260
Throw: Stone             |     5 |     2 ||     7
 Cast: Infusion          |     4 |       ||     4
       Shroud of Golubri |     6 |     3 ||     9
       Spectral Weapon   |     2 |     5 ||     7
  Use: Potion            |       |     3 ||     3
 Stab: Distracted        |       |     1 ||     1
       Sleeping          |       |     1 ||     1
  Eat: Chunk             |     2 |     6 ||     8
